Map: Eternal Empire LE

Players

SouLeer

  • Race: Zerg Zerg
  • Spawn Location: 1:00

TLHarstem (Harstem) - Winner!

  • Race: Protoss Protoss
  • League: Master
  • Spawn Location: 7:00

Event: DreamHack SC2 Masters 2020 Fall

VOD

Have the link to the VOD?

Description

Time

  • Played on: Sept. 3, 2020, 1:51 p.m.
  • Length: 10:02

All games in this series

Show
View Real Time Build Order
Export as new Build Order

SouLeer Zerg 

Build Orders: Hatch First 

Get SALT Encoding   

  12  0:00  Drone  
  13  0:12  Overlord  
  13  0:16  Drone  
  14  0:31  Drone x2  
  16  0:47  Drone x2  
  18  0:56  Hatchery  
  17  1:00  Drone  
  18  1:04  Extractor  
  17  1:15  Spawning Pool  
  16  1:19  Drone  
  16  1:23  Drone  
  18  1:29  Drone  
  19  1:41  Drone  
  20  1:51  Overlord  
  20  2:02  Queen  
  20  2:08  Queen  
  22  2:09  Zergling x4  
  22  2:13  Drone, Metabolic Boost  
  27  2:19  Drone  
  28  2:23  Drone  
  29  2:38  Hatchery  
  29  2:42  Drone  
  29  2:44  Drone  
  29  2:50  Queen  
  32  2:55  Overlord  
  32  2:58  Drone  
  32  3:01  Drone  
  32  3:03  Drone  
  35  3:06  Drone  
  36  3:14  Drone x3  
  36  3:17  Overlord  
  39  3:21  Spore Crawler  
  38  3:29  Drone x3  
  41  3:35  Queen  
  41  3:37  Drone  
  41  3:41  Drone  
  45  3:43  Overlord  
  45  3:44  Drone  
  47  3:48  Drone x2  
  47  3:50  Drone  
  47  3:53  Drone  
  50  3:56  Drone  
  50  3:58  Overlord  
  50  4:01  Drone x2  
  53  4:07  Spore Crawler  
  52  4:11  Spore Crawler  
  52  4:14  Drone x4  
  55  4:18  Extractor  
  55  4:20  Drone x5  
  59  4:24  Overlord  
  59  4:30  Drone x2  
  61  4:36  Drone  
  60  4:42  Drone x2  
  60  4:43  Lair  
  62  4:48  Roach Warren  
  62  4:49  Drone  
  62  4:50  Overlord  
  62  4:51  Zergling x6  
  62  4:52  Zergling x2  
  66  4:55  Extractor  
  66  4:56  Extractor  
  66  4:59  Evolution Chamber  
  63  5:01  Drone x4  
  63  5:02  Overlord  
  63  5:06  Drone x3  
  70  5:11  Drone  
  71  5:16  Drone  
  71  5:20  Drone x2  
  74  5:22  Hatchery  
  74  5:25  Drone x3  
  75  5:30  Drone x3  
  75  5:31  Drone  
  75  5:33  Zerg Melee Weapons Level 1  
  79  5:35  Extractor  
  79  5:36  Extractor, Baneling Nest  
  79  5:37  Queen  
  79  5:38  Overlord  
  79  5:42  Overlord  
  78  5:47  Glial Reconstitution  
  78  5:51  Overlord  
  77  5:58  Overseer  
  77  6:18  Overlord  
  77  6:27  Drone x4  
  77  6:28  Drone x8  
  77  6:29  Roach  
  77  6:30  Roach x3  
  97  6:33  Centrifical Hooks  
  97  6:35  Roach x5  
  107  6:40  Zergling x4  
  107  6:45  Zergling x10  
  107  6:46  Baneling x2  
  107  6:47  Baneling x4  
  114  6:50  Roach  
  114  6:54  Roach  
  117  6:57  Roach x2  
  117  6:58  Overlord  
  117  7:00  Ravager x5  
  126  7:01  Baneling x3  
  126  7:02  Baneling  
  126  7:05  Zergling x14  
  133  7:15  Overlord  
  130  7:18  Overlord  
  130  7:24  Hatchery  
  126  7:31  Zergling x10  
  126  7:34  Zergling x2  
  126  7:35  Zergling x6  
  128  7:40  Infestation Pit  
  128  7:41  Extractor, Zergling x2, Spire  
  128  7:42  Zergling x6  
  122  7:45  Zergling x4  
  118  7:55  Drone x2  
  118  7:56  Hatchery  
  119  7:58  Drone  
  119  8:04  Drone  
  121  8:26  Drone x5  
  121  8:27  Drone x3  
  127  8:28  Hive  
  127  8:35  Zergling x2  
  127  8:36  Zergling x10  
  127  8:40  Extractor  
  127  8:41  Zergling x10  
  131  8:45  Roach x2  
  137  8:52  Spore Crawler  
  136  9:00  Roach x2, Spine Crawler  
  136  9:01  Roach x3, Zergling x2  
  136  9:02  Spine Crawler, Zergling x10  
  146  9:03  Queen  
  146  9:05  Baneling x16  
  146  9:06  Roach x2, Baneling  
  146  9:07  Roach, Overlord x2  
  146  9:08  Queen  
  153  9:10  Zergling x10  
  157  9:20  Overlord  
  152  9:27  Ravager  
  152  9:28  Ravager x5  
  154  9:32  Zergling x10  
  154  9:33  Zergling x18  
  156  9:39  Zergling x14  
Show
View Real Time Build Order
Export as new Build Order

TLHarstem Protoss - Winner!

Build Orders: 1 Gate Expand, Oracle Opening, Zealot Archon, Archon Drop 

Get SALT Encoding   

  12  0:01  Probe  
  13  0:13  Probe  
  14  0:21  Pylon  
  14  0:25  Probe  
  15  0:39  Probe (Chrono Boost)  
  16  0:43  Gateway  
  16  0:49  Probe (Chrono Boost)  
  17  0:50  Assimilator  
  17  0:54  Probe (Chrono Boost)  
  18  1:06  Probe  
  19  1:18  Probe  
  20  1:28  Nexus  
  20  1:38  Cybernetics Core  
  20  1:43  Probe  
  21  1:50  Assimilator  
  21  1:55  Probe  
  21  1:57  Pylon  
  22  2:07  Probe  
  23  2:13  Adept (Chrono Boost)  
  23  2:19  Probe  
  26  2:24  Stargate  
  26  2:31  Probe  
  26  2:33  Adept (Chrono Boost)  
  29  2:39  Probe (Chrono Boost)  
  29  2:43  Warp Gate  
  30  2:47  Probe (Chrono Boost)  
  31  2:51  Probe (Chrono Boost)  
  31  2:55  Adept  
  31  2:58  Probe x2 (Chrono Boost)  
  35  3:06  Oracle (Chrono Boost)  
  35  3:07  Probe  
  35  3:10  Probe  
  40  3:15  Pylon  
  41  3:20  Probe  
  41  3:22  Probe  
  44  3:28  Pylon  
  44  3:31  Gateway  
  44  3:32  Probe  
  43  3:34  Probe  
  43  3:37  Oracle (Chrono Boost)  
  47  3:44  Probe  
  47  3:47  Probe  
  49  3:56  Probe  
  49  4:02  Nexus  
  50  4:03  Probe  
  50  4:08  Probe, Pylon  
  52  4:14  Assimilator  
  52  4:15  Probe (Chrono Boost)  
  53  4:24  Probe (Chrono Boost)  
  54  4:26  Assimilator  
  54  4:27  Probe (Chrono Boost)  
  54  4:28  Forge, Twilight Council  
  55  4:36  Probe (Chrono Boost)  
  55  4:38  Probe (Chrono Boost)  
  56  4:44  Probe  
  58  4:45  Robotics Facility  
  58  4:48  Probe  
  58  4:49  Zealot, Sentry  
  63  4:55  Gateway  
  63  4:56  Probe  
  63  4:58  Gateway  
  64  5:01  Probe  
  64  5:05  Protoss Ground Weapons Level 1 (Chrono Boost)  
  65  5:07  Charge  
  65  5:09  Probe (Chrono Boost)  
  65  5:12  Pylon  
  67  5:14  Probe (Chrono Boost)  
  67  5:17  Probe (Chrono Boost)  
  67  5:21  Probe (Chrono Boost)  
  69  5:25  Probe (Chrono Boost)  
  69  5:27  Probe (Chrono Boost)  
  69  5:28  Probe (Chrono Boost)  
  69  5:30  Assimilator, Probe (Chrono Boost)  
  69  5:32  Templar Archives  
  69  5:34  Assimilator  
  70  5:37  Gateway  
  70  5:38  Probe (Chrono Boost)  
  70  5:40  Probe (Chrono Boost)  
  70  5:41  Probe (Chrono Boost)  
  73  5:44  Gateway  
  73  5:49  Gateway  
  75  5:51  Gateway, Probe (Chrono Boost)  
  75  5:53  Probe (Chrono Boost)  
  75  5:54  Probe (Chrono Boost)  
  76  5:59  Warp Prism (Chrono Boost), Probe  
  79  6:04  Probe  
  79  6:05  Probe  
  79  6:07  Pylon  
  79  6:10  High Templar x3  
  87  6:11  High Templar  
  87  6:14  Pylon  
  89  6:19  Archon x2  
  89  6:20  Shield Battery, Probe  
  90  6:27  Phoenix (Chrono Boost), Probe  
  90  6:28  Observer  
  90  6:32  Pylon  
  94  6:33  Pylon  
  94  6:40  High Templar  
  94  6:41  High Templar  
  94  6:42  Zealot  
  94  6:45  Archon  
  94  6:46  Zealot x2  
  104  6:50  Zealot  
  104  6:53  Probe  
  107  6:57  High Templar  
  107  6:58  High Templar  
  107  7:00  Probe  
  112  7:01  Nexus  
  112  7:02  Shield Battery, Pylon  
  112  7:03  Archon  
  112  7:04  Zealot, Pylon  
  114  7:15  Zealot x4  
  114  7:18  Immortal (Chrono Boost), Probe  
  114  7:20  Pylon  
  127  7:33  Zealot x4  
  102  7:44  Probe  
  102  7:47  Probe  
  102  7:50  Immortal (Chrono Boost)  
  102  7:51  High Templar x4  
  104  7:52  Probe  
  104  7:57  Archon, Probe  
  108  7:59  Gateway  
  108  8:00  Shield Battery, Gateway  
  108  8:02  Photon Cannon  
  108  8:05  Shield Battery, Probe  
  109  8:07  Unknown  
  109  8:08  Sentry  
  109  8:09  Zealot x2, Archon  
  115  8:15  Probe  
  115  8:16  Probe  
  115  8:17  Probe  
  118  8:20  Zealot  
  118  8:21  Probe  
  118  8:24  Zealot x3  
  127  8:31  Probe  
  128  8:35  Zealot x4  
  136  8:42  Immortal (Chrono Boost), Probe  
  136  8:43  Probe  
  136  8:47  Forge  
  136  8:48  High Templar x4  
  148  8:51  Probe  
  148  8:52  Archon  
  148  8:54  Archon, Photon Cannon  
  148  8:55  High Templar x2  
  155  8:57  Zealot x2, Pylon  
  159  9:06  Archon  
  159  9:09  Zealot  
  161  9:10  Zealot  
  161  9:14  Warp Prism  
  161  9:15  Pylon  
  165  9:19  Pylon  
  165  9:21  Pylon  
  159  9:33  Zealot x10  
  153  9:54  Zealot x3  
  153  9:55  Zealot x6  

Tags
 
Add a new tag
Caveats
  • Supply blocks, unpowered buildings, or Contaminate may cause inaccurate times.
  • Supply counts are checked every 10 seconds.